 Dungeon Sprint DCSS version 0.31-a0-16-g6d2539766c (webtiles) character file.

Game seed: 1398489691485474103

25 sircluck the Trooper (level 3, -5/36 HPs)
             Began as a Hill Orc Fighter on May 8, 2023.
             Slain by a fire bat (6 damage)
             ... in the Dungeon (Sprint I: "Red Sonja").
             The game lasted 00:00:18 (105 turns).

sircluck the Trooper (Hill Orc Fighter)              Turns: 105, Time: 00:00:19

Health: -5/36      AC:  7    Str: 20    XL:     3   Next: 4%
Magic:  3/3        EV:  9    Int:  8    God:
Gold:   0          SH:  4    Dex: 10    Spells: 2/2 levels left

rFire   . . .        a - +0 war axe
rCold   . . .        c - +0 buckler
rNeg    . . .        b - +0 scale mail
rPois   .            (no helmet)
rElec   .            (no cloak)
rCorr   .            (no gloves)
SInv    .            (no boots)
Will    .....        (no amulet) Stlth
                     (no ring)
HPRegen 0.26/turn    (no ring)
MPRegen 0.08/turn

%: no teleportation
@: no status effects
A: no striking features
a: no special abilities


You were in the Dungeon.
You visited 1 branch

Inventory:

Hand Weapons
 a - a +0 war axe (weapon)
Armour
 b - a +0 scale mail (worn)
 c - a +0 buckler (worn)
Wands
 k - a wand of polymorph (5)
Scrolls
 j - a scroll of blinking
Potions
 d - a potion of might
 e - a potion of curing
 f - a potion of heal wounds
 g - a potion of haste
 h - 2 potions of magic
 i - a potion of berserk rage


   Skills:
 + Level 5.2 Fighting
 + Level 3.8 Axes
 + Level 4.5 Armour
 + Level 0.5 Dodging
 + Level 4.6 Shields


You had 2 spell levels left.
You didn't know any spells.
Your spell library was empty.

Dungeon Overview and Level Annotations

Branches:
Dungeon (1/1)

Altars:


Message History

Things that are here:
a +0 club; a +0 leather armour; the goblin corpse of Ijyb You start resting.
HP restored.
As you open the door, it creaks loudly!
An ogre comes into view. It is wielding a +0 giant club.
The ogre shouts!
Aiming: Polymorph
Press: ? - help, Q - select action Shift-Dir - straight line, f - ogre
Aim: an ogre, wielding a +0 giant club (will become a fire bat, a worm, or a scorpion, chance to affect: 49%)
The ogre evaporates and reforms as a fire bat!
The fire bat barely misses you.
You closely miss the fire bat. The fire bat bites you.
You are engulfed in flames.
The fire bat bites you but does no damage.
The fire bat barely misses you.
Things that are here:
a +0 club; a +0 leather armour; the goblin corpse of Ijyb The fire bat attacks as you move away!
The fire bat bites you.
You are engulfed in flames!
The fire bat bites you but does no damage. x2
There is an open door, spattered with blood here.
The fire bat barely misses you.
You slash the fire bat!
The fire bat is heavily wounded.
The fire bat bites you but does no damage.
You closely miss the fire bat.
The fire bat is heavily wounded.
The fire bat bites you but does no damage.
The fire bat bites you.
You are engulfed in flames.
* * * LOW HITPOINT WARNING * * *
The fire bat bites you.
* * * LOW HITPOINT WARNING * * *
You are engulfed in flames.
* * * LOW HITPOINT WARNING * * *
There is an open door, spattered with blood here.
The fire bat bites you.
* * * LOW HITPOINT WARNING * * *
You are engulfed in flames.
You die...

##########
#<.#..').#
#..').#..+
#.@#### +#
#.b# #..#
#..# #⌠⌠#
####


You could see a fire bat.

Vanquished Creatures
  Ijyb (D)
1 creature vanquished.

Notes
Turn   | Place    | Note
-------+----------+-------------------------------------------
     0 | D        | sircluck the Hill Orc Fighter began the quest for the Orb.
     0 | D        | Reached XP level 1. HP: 19/19 MP: 1/1
     1 | D        | Noticed Ijyb
    22 | D        | Killed Ijyb
    23 | D        | Reached skill level 5 in Fighting
    23 | D        | Reached XP level 2. HP: 14/29 MP: 2/2
    23 | D        | Reached XP level 3. HP: 17/36 MP: 3/3
    95 | D        | Noticed an ogre
    96 | D        | an ogre changed into a fire bat
    96 | D        | Noticed a fire bat
   105 | D        | HP: 1/36 [fire bat (2)]
   105 | D        | Slain by a fire bat

Illustrated notes

Levels and vault maps discovered:
D:        dungeon_sprint_1 [red_sonja_temple_1, red_sonja_temple_small_1]

Skill      XL: |  1 |
---------------+----+-----
Fighting       | 5 |  5.2
Axes           | 3 |  3.8
Armour         | 4 |  4.5
Shields        | 4 |  4.6
Dodging        | |  0.5

Action                     || total
---------------------------++-------
  Melee: War axe           ||    23
  Evoke: Wand              ||     1
 Armour: Skin              ||    11
         Scale mail        ||     7
  Dodge: Dodged            ||    10
  Block: Buckler           ||     1

Table legend: (Time is in decaauts)
 A = Elapsed time spent in this place.
 B = Non-inter-level travel time spent in this place.
 C = Inter-level travel time spent in this place.
 D = Time resting spent in this place.
 E = Time spent auto-exploring this place.
 F = Levels seen in this place.
 G = Mean time per level.
                   A        B        C        D        E       F      G
               +--------+--------+--------+--------+--------+-----+--------+
         Total |    114 |    114 |      0 |     66 |      1 |   1 |  114.0 |
       Dungeon |    114 |    114 |      0 |     66 |      1 |   1 |  114.0 |
               +--------+--------+--------+--------+--------+-----+--------+

Top non-repeatable levels by time:
       D: 114 daAuts
